 Dungeon Crawl Stone Soup version 0.31-a0-692-gf03d1854d5 (webtiles) character file.

Game seed: 16290127500950195026

90 qw the Shooter (level 4, -2/28 HPs)
             Began as a Gargoyle Hunter on Sept 6, 2023.
             Slain by Grinder (7 damage)
             ... on level 3 of the Dungeon.
             The game lasted 00:00:37 (1500 turns).

qw the Shooter (Gargoyle Hunter)                    Turns: 1500, Time: 00:00:37

Health: -2/28      AC: 13    Str: 14    XL:     4   Next: 56%
Magic:  4/4        EV: 10    Int: 10    God:
Gold:   121        SH:  0    Dex: 15    Spells: 3/3 levels left

rFire   . . .        Y - +0 shortbow
rCold   . . .        (shield currently unavailable)
rNeg    + . .        i - +0 ring mail
rPois   inf          (no helmet)
rElec   +            k - +0 cloak
rCorr   .            (no gloves)
SInv    .            (no boots)
Will    .....        (no amulet)
Stlth   +            e - +4 ring of protection
HPRegen 0.24/turn    (no ring)
MPRegen 0.09/turn

%: no passive effects
@: no status effects
A: sickness immunity, AC +3, negative energy resistance 1, electricity
resistance, torment resistance 1, petrification resistance
a: no special abilities


You were on level 3 of the Dungeon.
You visited 1 branch of the dungeon, and saw 3 of its levels.

You collected 121 gold pieces.


Innate Abilities, Weirdness & Mutations

You are immune to sickness and miasma.
Your stone body is resilient. (AC +3)
You are immune to poison.
You resist negative energy. (rN+)
You are resistant to electric shocks. (rElec)
You are resistant to unholy torment.
You are immune to petrification.


   Skills:
 - Level 3.0 Fighting
 + Level 5.3 Ranged Weapons
 - Level 1.0 Armour
 - Level 1.5 Dodging
 - Level 1.1 Stealth


You had 3 spell levels left.
You didn't know any spells.
Your spell library was empty.

Inventory:

Hand Weapons
 Y - a +0 shortbow (weapon)
Armour
 i - a +0 ring mail (worn)
 k - a +0 cloak (worn)
Jewellery
 e - a +4 ring of protection (left hand)
Scrolls
 b - a scroll of identify
Potions
 a - a potion of invisibility {unknown}
 d - a potion of lignification {unknown}
 f - a potion of curing

Dungeon Overview and Level Annotations

Branches:
Dungeon (3/15)

Altars:

Annotations:
D:3 Grinder


Message History

You now have 121 gold pieces (gained 13).
You open the door.
There is an open door here.
Found a stone staircase leading down.
Grinder comes into view.
Grinder shouts!
You shoot an arrow. The arrow hits Grinder.
Grinder is lightly wounded.
Grinder gestures at you.
You suddenly lose the ability to move!
Grinder blinks!
Grinder gestures at you.
You shrug off the repeated paralysis!
You can move again.
You shoot an arrow.
The arrow hits Grinder but does no damage.
Grinder is lightly wounded.
Grinder gestures at you.
You shrug off the repeated paralysis!
You shoot an arrow.
The arrow hits Grinder but does no damage.
Grinder is lightly wounded.
Grinder barely misses you.
You shoot an arrow.
The arrow hits Grinder but does no damage.
Grinder is lightly wounded.
Grinder gestures at you. Pain shoots through your body!
You shoot an arrow. The arrow barely misses Grinder.
Grinder hits you!
You writhe in agony.
Grinder hits you.
You writhe in agony.
You shoot an arrow.
The arrow hits Grinder but does no damage.
Grinder is lightly wounded.
Grinder hits you.
You shoot an arrow. The arrow barely misses Grinder.
Grinder hits you.
You shoot an arrow. The arrow completely misses Grinder.
Grinder hits you!
You die...
Grinder says, "Now the real fun starts!"

#...............
..
#..........#####
#. ###'#####[.#
#. ##.# #..# #.
#..# #..# #.
#.## #..#
#.###.# #..#
#..##.######..#
#.@...........
#5....#######.
#.##.>........
#. ###########
#. #. #. #.


You could see Grinder.

Vanquished Creatures
  5 adders
  7 bats
  8 endoplasms
  3 giant cockroaches
  3 goblins
  3 hobgoblins
  2 quokkas
  4 ball pythons
  2 frilled lizards
  2 kobolds
  4 rats
43 creatures vanquished.

Notes
Turn   | Place    | Note
-------+----------+-------------------------------------------
     0 | D:1      | qw the Gargoyle Hunter began the quest for the Orb.
     0 | D:1      | Reached XP level 1. HP: 12/12 MP: 1/1
     0 | D:1      | 0 ||| qw: Version: 0.3-a-76-g4403597
     0 | D:1      | 0 ||| qw: Game counter: 152
     0 | D:1      | 0 ||| qw: Melee chars always use a shield: true
     0 | D:1      | 0 ||| qw: God list: Okawaru
     0 | D:1      | 0 ||| qw: Allow faded altars: false
     0 | D:1      | 0 ||| qw: Do Orc after clearing Dungeon:15 true
     0 | D:1      | 0 ||| qw: Do second Lair branch before Depths: true
     0 | D:1      | 0 ||| qw: Lair rune preference: random
     0 | D:1      | 0 ||| qw: Goals: Normal
     0 | D:1      | 0 ||| PLANNING D:1-11
   329 | D:1      | Reached XP level 2. HP: 17/17 MP: 2/2
   846 | D:1      | 846 ||| UPGRADING to +0 ring mail.
   856 | D:1      | 856 ||| DROPPING +0 leather armour.
   857 | D:1      | 857 ||| UPGRADING to +0 cloak.
   862 | D:1      | 862 ||| UPGRADING to +4 ring of protection.
   863 | D:1      | 863 ||| READING scroll labelled RYCRUZATWO.
   864 | D:1      | 864 ||| READING 2 scrolls labelled LOLOHAONEH.
   865 | D:1      | 865 ||| READING scroll labelled EZUWNAFFUID.
   870 | D:1      | 870 ||| READING scroll labelled LUEREK KY IKETIEL.
   871 | D:1      | 871 ||| DROPPING scroll of butterflies.
   872 | D:1      | 872 ||| DROPPING scroll of vulnerability.
   904 | D:2      | 904 ||| STAIRDANCE
   913 | D:2      | Reached XP level 3. HP: 21/21 MP: 3/3
   936 | D:2      | Reached skill level 1 in Armour
   964 | D:2      | Reached skill level 5 in Ranged Weapons
  1077 | D:2      | Reached skill level 3 in Fighting
  1077 | D:2      | Reached XP level 4. HP: 28/28 MP: 4/4
  1294 | D:2      | 1294 ||| READING scroll labelled BOMAYF JAULLOA.
  1295 | D:2      | 1295 ||| DRINKING 2 glowing amethyst potions.
  1489 | D:3      | Noticed Grinder
  1490 | D:3      | Paralysed by Grinder for 4 turns
  1498 | D:3      | HP: 6/28 [Grinder (4)]
  1500 | D:3      | Slain by Grinder

Levels and vault maps discovered:
D:1:      roderic_chinese_lattice_arrival, layout_basic, serial_bayou_pond_a
D:2:      layout_rooms, st_stairs_12
D:3:      layout_basic, mainiacjoe_overflow_big_doors, serial_shops,
          nicolae_shop_tiny_statue_garden, grunt_ministairs_15, uniq_grinder

Skill      XL: |  1  2  3 |
---------------+----------+-----
Armour         | 1 |  1.0
Ranged Weapons | 5 |  5.3
Fighting       | 3 |  3.0
Dodging        | |  1.5
Stealth        | |  1.1

Action                     |  1- 3 |  4- 6 || total
---------------------------+-------+-------++-------
   Fire: Shortbow          |   103 |    43 ||   146
    Use: Scroll            |     4 |     1 ||     5
         Potion            |       |     1 ||     1
 Armour: Leather armour    |     6 |       ||     6
         Ring mail         |    23 |    14 ||    37
  Dodge: Dodged            |    30 |    12 ||    42

Table legend:
 A = Non-vault XP
 B = Vault XP
 C = Vault XP percentage of total XP
 D = Non-vault monster count
 E = Vault monster count
 F = Vault count percentage of total count
                 A         B        C        D         E       F
            +---------+---------+-------+---------+---------+-------
      Total |     127 |       2 |   1.6 |      42 |       1 |   2.3
            +---------+---------+-------+---------+---------+-------
        D:1 |      31 |       0 |   0.0 |      20 |       0 |   0.0
        D:2 |      66 |       2 |   2.9 |      18 |       1 |   5.3
        D:3 |      30 |       0 |   0.0 |       4 |       0 |   0.0
            +---------+---------+-------+---------+---------+-------
